Map: Disco Bloodbath LE

Players

HolyHit - Winner!

  • Race: Protoss Protoss
  • Spawn Location: 3:00

MCanning

  • Race: Protoss Protoss
  • Spawn Location: 9:00

VOD

Have the link to the VOD?

Description

Time

  • Played on: Sept. 6, 2019, 5:39 p.m.
  • Length: 18:58
Show
View Real Time Build Order
Export as new Build Order

HolyHit Protoss - Winner!

Build Orders: Oracle Opening, Archon Immortal, Carriers 

Get SALT Encoding   

  12  0:00  Probe  
  13  0:13  Probe  
  14  0:17  Pylon  
  14  0:24  Probe  
  15  0:32  Probe  
  15  0:37  Gateway  
  15  0:40  Probe  
  16  0:46  Assimilator  
  17  0:51  Probe  
  17  0:54  Assimilator  
  18  0:59  Probe  
  19  1:08  Probe  
  19  1:10  Gateway  
  19  1:18  Probe  
  20  1:24  Cybernetics Core  
  21  1:30  Probe  
  22  1:33  Pylon  
  22  1:42  Probe  
  23  1:54  Probe  
  23  1:58  Pylon  
  23  2:00  Adept  
  23  2:01  Adept  
  28  2:02  Warp Gate  
  28  2:12  Pylon  
  28  2:19  Stargate  
  28  2:41  Stalker  
  28  2:44  Nexus  
  28  2:57  Probe  
  31  2:59  Oracle  
  34  3:09  Probe  
  33  3:21  Probe  
  34  3:28  Oracle  
  34  3:33  Probe  
  35  3:36  Shield Battery  
  38  3:45  Probe  
  39  3:50  Adept  
  39  3:52  Forge  
  41  3:57  Probe  
  41  3:58  Probe  
  43  4:09  Probe  
  44  4:11  Probe  
  44  4:12  Robotics Facility  
  45  4:19  Protoss Ground Weapons Level 1  
  45  4:21  Probe  
  45  4:22  Probe  
  47  4:33  Assimilator  
  47  4:34  Probe, Assimilator  
  48  4:41  Probe  
  45  4:45  Sentry  
  45  4:46  Stalker  
  45  4:48  Probe  
  45  4:50  Immortal  
  45  4:52  Pylon  
  50  4:53  Probe  
  51  5:03  Probe  
  56  5:07  Probe  
  60  5:15  Phoenix  
  60  5:16  Probe  
  60  5:19  Probe  
  61  5:26  Pylon  
  61  5:30  Immortal  
  61  5:31  Probe  
  66  5:41  Pylon  
  66  5:44  Probe  
  66  5:46  Gateway  
  67  5:54  Twilight Council  
  67  5:59  Warp Prism  
  67  6:00  Probe  
  67  6:01  Probe  
  71  6:14  Gateway  
  71  6:17  Gateway  
  71  6:20  Protoss Ground Weapons Level 2  
  71  6:25  Gateway  
  71  6:28  Gateway  
  71  6:41  Observer  
  71  6:42  Charge  
  71  6:43  Pylon, Nexus  
  71  6:45  Probe  
  72  6:49  Probe  
  74  6:58  Templar Archives  
  74  7:07  Probe  
  72  7:09  Oracle  
  72  7:11  Probe  
  73  7:20  Immortal  
  77  7:24  Probe  
  77  7:27  Probe  
  77  7:29  Sentry x2  
  83  7:36  Probe  
  84  7:39  Pylon, Probe  
  84  7:41  Pylon  
  85  7:47  Gateway  
  85  7:48  Probe  
  85  7:49  Immortal  
  85  7:50  Gateway  
  86  8:00  High Templar x2  
  86  8:01  High Templar x2  
  98  8:07  Probe x2  
  98  8:09  Assimilator  
  98  8:12  Archon x2, Assimilator  
  100  8:13  Zealot x3  
  106  8:31  Immortal  
  107  8:38  High Templar x2  
  107  8:39  Zealot x4  
  107  8:40  Protoss Ground Weapons Level 3  
  119  8:43  Pylon  
  119  8:47  Gateway, Probe  
  118  8:49  Archon  
  118  8:56  Shield Battery  
  118  9:04  High Templar  
  118  9:05  Zealot x3, High Templar  
  118  9:09  Archon  
  128  9:12  Probe  
  128  9:13  Probe  
  128  9:16  Photon Cannon  
  128  9:17  Gateway  
  130  9:19  Probe  
  131  9:24  Probe  
  131  9:26  Probe  
  131  9:28  Pylon  
  131  9:29  Pylon  
  133  9:32  Pylon  
  133  9:45  Photon Cannon  
  133  9:55  Zealot x5  
  133  9:57  Zealot  
  145  10:02  Zealot x3  
  145  10:03  Zealot  
  145  10:05  Probe x2  
  155  10:18  Robotics Bay  
  155  10:22  Robotics Facility  
  155  10:26  Zealot x4  
  155  10:27  Zealot x2  
  147  10:34  Stargate  
  145  10:39  Stargate  
  139  10:46  Dark Shrine  
  137  10:54  High Templar x4  
  145  10:59  Nexus  
  145  11:01  Fleet Beacon  
  145  11:03  Archon x2  
  145  11:19  Pylon  
  145  11:20  Photon Cannon  
  145  11:25  Photon Cannon  
  145  11:27  Photon Cannon  
  145  11:33  Colossus  
  145  11:35  Carrier x2  
  145  11:36  Protoss Air Weapons Level 1  
  139  11:59  Dark Templar x2  
  143  12:07  Pylon  
  143  12:13  Shield Battery, Pylon  
  143  12:15  Shield Battery  
  143  12:16  Colossus, Shield Battery, Warp Prism  
  149  12:24  Carrier  
  149  12:25  Protoss Shields Level 1  
  149  12:28  Extended Thermal Lance  
  147  12:37  Carrier  
  153  12:49  Zealot x3  
  165  13:02  Zealot  
  167  13:17  Carrier, Disruptor  
  168  13:23  Assimilator  
  168  13:27  Assimilator  
  174  13:39  Photon Cannon  
  174  13:40  Protoss Air Weapons Level 2  
  174  13:41  Probe x2  
  175  13:42  Photon Cannon  
  175  13:50  Pylon  
  175  13:53  Pylon  
  175  13:57  Pylon  
  175  14:00  Pylon  
  175  14:01  Carrier  
  175  14:10  Stargate, Pylon  
  175  14:12  Carrier  
  175  14:16  Pylon  
  180  14:25  Zealot x6  
  186  14:38  Dark Templar x3  
  186  14:51  Probe x2  
  188  14:53  Probe  
  189  15:10  Nexus  
  189  15:12  Pylon  
  188  15:16  Photon Cannon  
  188  15:19  Shield Battery  
  188  15:22  Disruptor  
  188  15:23  Protoss Shields Level 2  
  188  15:32  Disruptor  
  194  15:48  Assimilator  
  194  15:54  Assimilator  
  194  15:55  Pylon  
  188  15:57  Photon Cannon  
  188  15:59  Dark Templar  
  188  16:00  Dark Templar  
  188  16:01  Photon Cannon  
  188  16:03  Zealot x2  
  188  16:04  Zealot x3  
  192  16:13  Dark Templar x3  
  190  16:19  Dark Templar  
  190  16:30  Probe x2  
  190  16:48  Warp Prism  
  176  17:04  Zealot x7  
  190  17:16  Carrier  
  186  17:33  Carrier  
  186  17:37  Zealot x3  
  186  17:55  Zealot x7  
  186  17:56  Zealot  
  151  18:46  Dark Templar  
  151  18:50  Nexus  
  151  18:51  Pylon  
  157  18:58  Dark Templar  
Show
View Real Time Build Order
Export as new Build Order

MCanning Protoss 

Build Orders: Phoenix Opening, Archon Immortal 

Get SALT Encoding   

  12  0:00  Probe  
  13  0:12  Probe  
  14  0:17  Pylon  
  14  0:24  Probe  
  15  0:33  Probe  
  15  0:37  Gateway  
  15  0:41  Probe  
  16  0:46  Assimilator  
  17  0:51  Probe  
  17  0:55  Assimilator  
  18  0:59  Probe  
  19  1:07  Probe  
  19  1:08  Gateway  
  19  1:18  Probe  
  21  1:26  Cybernetics Core  
  21  1:30  Probe  
  22  1:36  Pylon  
  22  1:42  Probe  
  22  1:46  Warp Gate  
  23  1:54  Probe  
  24  2:03  Sentry, Stalker  
  28  2:09  Pylon  
  28  2:10  Probe  
  29  2:22  Pylon  
  29  2:29  Stalker  
  31  2:33  Stalker  
  33  2:53  Nexus  
  33  2:58  Shield Battery  
  33  3:06  Probe  
  33  3:10  Shield Battery  
  34  3:14  Pylon  
  34  3:19  Probe  
  35  3:28  Robotics Facility  
  35  3:31  Probe  
  36  3:35  Sentry  
  38  3:43  Probe  
  38  3:45  Sentry  
  38  3:47  Phoenix  
  40  3:55  Probe  
  40  3:57  Pylon  
  40  3:59  Stalker  
  40  4:01  Stalker x2  
  43  4:08  Probe x2  
  45  4:16  Protoss Ground Weapons Level 1  
  43  4:17  Forge  
  43  4:18  Shield Battery  
  43  4:20  Probe  
  44  4:25  Stalker  
  44  4:29  Stalker  
  48  4:33  Probe  
  48  4:36  Probe  
  50  4:41  Probe  
  50  4:48  Probe  
  50  4:50  Probe  
  52  4:56  Pylon  
  52  4:57  Stalker  
  55  5:01  Probe x2  
  55  5:04  Observer  
  58  5:09  Assimilator  
  58  5:11  Twilight Council  
  58  5:13  Assimilator  
  58  5:22  Probe  
  58  5:23  Probe  
  58  5:25  Immortal  
  64  5:34  Probe  
  63  5:35  Sentry  
  63  5:36  Probe  
  63  5:39  Charge  
  66  5:46  Probe  
  66  5:47  Gateway  
  66  5:48  Probe  
  66  5:49  Gateway  
  68  5:55  Gateway  
  68  6:03  Templar Archives  
  68  6:04  Pylon  
  68  6:05  Zealot  
  70  6:13  Protoss Ground Weapons Level 2  
  70  6:14  Gateway  
  70  6:16  Gateway  
  70  6:18  Probe  
  71  6:27  Immortal  
  75  6:50  Probe  
  75  6:51  High Templar  
  75  6:54  Probe  
  78  6:59  Gateway  
  78  7:02  Nexus  
  78  7:03  Pylon  
  74  7:09  Sentry  
  74  7:10  Sentry  
  76  7:20  Zealot x3  
  86  7:28  Shield Battery  
  84  7:32  Pylon x2, High Templar  
  86  7:39  Immortal  
  86  7:42  Pylon  
  86  7:45  Pylon  
  86  7:48  Archon  
  86  7:55  Probe  
  86  7:56  Probe  
  86  7:58  Zealot, High Templar x2  
  92  7:59  Zealot x4  
  92  8:02  Archon  
  102  8:07  Probe  
  103  8:17  Warp Prism, High Templar  
  103  8:19  High Templar  
  109  8:20  Probe  
  109  8:25  Archon  
  107  8:29  Zealot x2  
  107  8:31  Probe  
  107  8:32  Protoss Ground Weapons Level 3, Probe x2  
  106  8:40  Probe  
  106  8:44  Probe x2  
  109  8:48  Probe  
  109  8:52  High Templar x2  
  109  8:54  Probe  
  110  8:56  Probe  
  110  8:58  Archon  
  110  8:59  Probe  
  110  9:01  Assimilator  
  110  9:02  Probe  
  113  9:03  Assimilator  
  113  9:05  Pylon  
  113  9:08  Probe  
  115  9:13  Immortal  
  115  9:15  Probe  
  121  9:18  Zealot  
  121  9:19  Zealot  
  124  9:32  Probe  
  124  9:33  Zealot x2  
  124  9:35  High Templar x2  
  124  9:37  Probe  
  134  9:47  Pylon  
  134  9:48  Pylon  
  134  9:50  Pylon  
  134  9:53  Shield Battery  
  134  9:54  Pylon  
  134  9:57  High Templar x2  
  138  10:00  Zealot  
  138  10:04  Archon  
  140  10:09  Photon Cannon x2  
  140  10:10  Archon  
  140  10:14  Zealot x2  
  140  10:15  Zealot x3  
  136  10:30  Zealot  
  136  10:31  Zealot x2  
  136  10:34  Robotics Bay  
  138  10:42  Probe  
  133  10:45  High Templar x2  
  133  10:46  Probe  
  133  10:48  Probe  
  139  10:51  Archon  
  140  10:59  Dark Shrine  
  140  11:00  Probe  
  140  11:04  High Templar x2  
  140  11:06  Zealot x4  
  140  11:10  Archon  
  152  11:17  Disruptor  
  152  11:19  Nexus  
  152  11:25  Pylon  
  155  11:34  Blink  
  155  11:39  Zealot  
  157  11:40  Zealot x5  
  164  11:50  Nexus  
  164  11:57  Disruptor  
  164  11:59  Photon Cannon  
  164  12:00  Photon Cannon  
  167  12:18  Photon Cannon, Probe, Robotics Facility  
  167  12:20  Pylon  
  165  12:31  Zealot x2  
  165  12:32  Probe  
  165  12:33  Probe x2  
  172  12:40  Probe  
  172  12:41  Protoss Shields Level 1  
  172  12:44  Photon Cannon  
  172  12:49  High Templar x3  
  172  12:50  High Templar  
  181  12:55  Photon Cannon, Archon x2  
  179  13:06  Pylon  
  177  13:15  Dark Templar  
  182  13:22  Photon Cannon  
  182  13:24  Probe  
  182  13:26  Photon Cannon, Warp Prism  
  186  13:36  High Templar x2  
  186  13:37  High Templar x2  
  190  13:42  Archon  
  190  13:43  Archon, High Templar  
  190  13:46  Probe  
  190  13:47  Assimilator  
  193  13:49  Assimilator  
  193  13:50  Pylon, High Templar  
  195  13:57  Probe  
  195  13:58  Archon  
  195  14:02  High Templar x2  
  200  14:06  Gateway, Archon  
  200  14:07  Gateway  
  200  14:09  Gateway  
  198  14:11  Shield Battery  
  198  14:24  Protoss Shields Level 2  
  198  14:25  Disruptor  
  198  14:28  Disruptor  
  192  14:33  Zealot x2  
  192  14:34  Zealot x4  
  158  14:45  Zealot  
  158  14:46  Zealot x4  
  158  14:47  Dark Templar x2  
  172  14:53  Disruptor  
  172  14:56  Probe, Disruptor  
  173  15:04  Archon  
  179  15:09  Shield Battery, Zealot x2  
  179  15:11  High Templar x2  
  187  15:16  Zealot x2, Archon  
  191  15:21  Disruptor  
  191  15:28  Observer  
  195  15:44  Observer  
  195  15:47  Nexus  
  196  15:50  Pylon  
  196  15:55  Observer  
  182  16:15  Disruptor  
  177  16:21  Dark Templar  
  177  16:22  Stalker x4  
  177  16:23  Stalker x6  
  178  16:36  Nexus  
  178  16:37  Nexus  
  173  16:47  Photon Cannon, Shield Battery  
  173  16:49  Shield Battery  
  173  16:50  Pylon  
  163  16:59  Disruptor  
  156  17:05  High Templar  
  156  17:06  High Templar  
  159  17:11  Archon  
  159  17:12  Stalker x3  
  165  17:15  Zealot x2  
  165  17:16  Zealot x4  
  165  17:18  Probe  
  175  17:30  Disruptor  
  178  17:38  Disruptor  
  178  17:43  Nexus  
  181  17:52  Photon Cannon  
  177  18:17  Pylon  
  170  18:20  Pylon  
  145  18:40  Zealot x6  
Tags
 
Add a new tag
Caveats
  • Supply blocks, unpowered buildings, or Contaminate may cause inaccurate times.
  • Supply counts are checked every 10 seconds.